 Dungeon Crawl Stone Soup version 0.29-a0-322-g68df515428 (webtiles) character file.

Game seed: 10643321357155525855

37 dianekeaton the Chopper (level 3, -4/31 HPs)
             Began as a Hill Orc Fighter on Apr 6, 2022.
             Slain by a worm (8 damage)
             ... on level 2 of the Dungeon.
             The game lasted 00:02:52 (1398 turns).

dianekeaton the Chopper (Hill Orc Fighter)          Turns: 1398, Time: 00:02:53

Health: -4/31      AC:  6    Str: 20    XL:     3   Next: 39%
Magic:  3/3        EV:  9    Int:  8    God:
Gold:   102        SH:  4    Dex: 10    Spells: 2/2 levels left

rFire   . . .      SeeInvis .   a - +2 war axe
rCold   . . .      Faith    .   c - +0 buckler
rNeg    . . .      Spirit   .   b - +0 scale mail
rPois   .          Reflect  .   (no helmet)
rElec   .          Harm     .   (no cloak)
rCorr   .          Rampage  .   (no gloves)
Will    .....                   (no boots)
Stlth   ..........              (no amulet)
HPRegen 0.10/turn               (no ring)
MPRegen 0.08/turn               (no ring)

@: mighty
A: no striking features
a: no special abilities


You were on level 2 of the Dungeon.
You visited 1 branch of the dungeon, and saw 2 of its levels.

You collected 102 gold pieces.

Inventory:

Hand Weapons
 a - a +2 war axe (weapon)
Missiles
 g - 6 curare-tipped darts (quivered)
Armour
 b - a +0 scale mail (worn)
 c - a +0 buckler (worn)
Scrolls
 h - a scroll of torment {unknown}
Potions
 e - 2 potions of heal wounds {unknown}
 f - a potion of curing {unknown}
 i - 2 potions of mutation
 j - 3 potions of attraction


   Skills:
 - Level 3.6 Fighting
 + Level 4.8 Axes
 - Level 3.2 Armour
 - Level 0.3 Dodging
 - Level 0.1 Stealth
 - Level 3.2 Shields


You had 2 spell levels left.
You didn't know any spells.
Your spell library contained the following spells:

 Spells                   Type           Power      Damage    Failure   Level
 Static Discharge         Conj/Air       0%         N/A       94%         2
 Lightning Bolt           Conj/Air       0%         1d11      100%        5
 Maxwell's Capacitive Co  Air            0%         ∞         100%        8


Dungeon Overview and Level Annotations

Branches:
Dungeon (2/15)

Altars:


Message History

The adder bites you but does no damage.
You barely miss the adder. The adder barely misses you.
You closely miss the adder. You block the adder's attack. The adder bites you.
The adder bites you.
You barely miss the adder. The adder bites you.
You miss the adder. The adder bites you but does no damage.
The adder bites you.
You barely miss the adder. You block the adder's attack. x2
You barely miss the adder. You hit the worm.
The adder bites you but does no damage. x2
The adder attacks as you move away! The adder bites you but does no damage.
The worm bites you!
You are too injured to fight recklessly!
The adder bites you.
You are poisoned.
The adder poisons you!
You are too injured to fight recklessly!
You feel very mighty all of a sudden.
You feel sick. You block the adder's attack.
You barely miss the adder.
You feel sick. The adder bites you but does no damage. The adder bites you.
* * * LOW HITPOINT WARNING * * *
You slash the adder!
The adder is severely wounded.
You feel sick. The adder bites you but does no damage. The adder bites you.
* * * LOW HITPOINT WARNING * * *
You slash the adder!
You kill the adder!
You feel sick.
You are no longer poisoned.
You slash the worm!
The worm is severely wounded.
The worm bites you but does no damage.
You barely miss the worm.
The worm is heavily wounded.
The worm barely misses you.
You barely miss the worm.
The worm is heavily wounded.
The worm bites you!
You die...

#. #.... ... .
....##...##.# .#
............##.# #.
#..!.....#
#.##......###
#..........#
#.##......## #
#.#.##.##.....## .
.......@w....## #
#..#######)..# #
#...# # #...#######
## #.........## #.
#....###...###.
............[.......
.......<....)...###.
................# #.


You could see a worm.

Vanquished Creatures
  An adder (D:2)
  A dart slug (D:1)
  2 ball pythons (D:1)
  4 endoplasms (D:1)
  2 goblins (D:1)
  4 hobgoblins
  3 frilled lizards (D:1)
  5 kobolds
  4 rats
26 creatures vanquished.

Notes
Turn   | Place    | Note
-------+----------+-------------------------------------------
     0 | D:1      | dianekeaton the Hill Orc Fighter began the quest for the
                  | Orb.
     0 | D:1      | Reached XP level 1. HP: 19/19 MP: 1/1
   200 | D:1      | Reached skill level 3 in Axes
   391 | D:1      | Found a faded altar of an unknown god.
   405 | D:1      | Reached XP level 2. HP: 20/26 MP: 2/2
   842 | D:1      | Reached skill level 4 in Axes
  1325 | D:2      | Reached XP level 3. HP: 31/31 MP: 3/3
  1398 | D:2      | Slain by a worm

Illustrated notes

Levels and vault maps discovered:
D:1:      minmay_arrival_doors, layout_basic,
          shapermc_ecumenical_altar_mp_ritualfount
D:2:      layout_loops_cross

Skill      XL: |  1  2 |
---------------+-------+-----
Axes           | 3 4 |  4.8
Fighting       | |  3.6
Armour         | |  3.2
Dodging        | |  0.3
Stealth        | |  0.1
Shields        | |  3.2

Action                   || total
-------------------------++-------
Melee: War axe           ||    74
  Use: Scroll            ||     4
       Potion            ||     3
Armor: Scale mail        ||    33
Dodge: Dodged            ||    21
Block: Buckler           ||    16

Table legend: (Time is in decaauts)
 A = Elapsed time spent in this place.
 B = Non-inter-level travel time spent in this place.
 C = Inter-level travel time spent in this place.
 D = Time resting spent in this place.
 E = Time spent auto-exploring this place.
 F = Levels seen in this place.
 G = Mean time per level.
                   A        B        C        D        E       F      G
               +--------+--------+--------+--------+--------+-----+--------+
         Total |   1422 |   1388 |     34 |    266 |    886 |   2 |  711.0 |
       Dungeon |   1422 |   1388 |     34 |    266 |    886 |   2 |  711.0 |
               +--------+--------+--------+--------+--------+-----+--------+

Top non-repeatable levels by time:
     D:1: 1231 daAuts
     D:2: 191 daAuts
